 Dungeon Crawl Stone Soup version 0.25.1-2-g60ff931df9 (webtiles) character file.

Game seed: 15495422603849323727

2463 pokeman the Thaumaturge (level 9, -1/47 HPs)
             Began as a Deep Elf Wizard on Oct 15, 2020.
             Was a Follower of Vehumet.
             Slain by a gnoll
             ... wielding a +0 flail
              (9 damage)
             ... on level 7 of the Dungeon.
             The game lasted 00:19:47 (7244 turns).

pokeman the Thaumaturge (Deep Elf Wizard)           Turns: 7244, Time: 00:19:47

Health: -1/47      AC:  4    Str:  4    XL:     9   Next: 26%
Magic:  7/25       EV: 11    Int: 27    God:    Vehumet [*.....]
Gold:   359        SH:  0    Dex: 13    Spells: 17/28 levels left

rFire    . . .     SeeInvis .   h - +2 trident (vamp)
rCold    . . .     Gourm    .   (no shield)
rNeg     . . .     Faith    .   j - +1 leather armour of Death Resistance {Harm rPois rCorr Stlth+} (curse)
rPois    +         Spirit   .   b - +0 hat
rElec    .         Reflect  .   (no cloak)
rCorr    +         Harm     +   (no gloves)
MR       .....                  (no boots)
Stlth    +++.......             (no amulet)
HPRegen  0.15/turn              (no ring)
MPRegen  0.19/turn              (no ring)

@: no status effects
A: no striking features
a: Renounce Religion


You were on level 7 of the Dungeon.
You worshipped Vehumet.
Vehumet was aware of your devotion.
You were hungry.

You visited 2 branches of the dungeon, and saw 8 of its levels.

You collected 476 gold pieces.
You spent 117 gold pieces at shops.

Inventory:

Hand Weapons
 h - a +2 vampiric trident (weapon)
 x - a +0 hand crossbow
Missiles
 f - 36 bolts
Armour
 b - a +0 hat (worn)
 j - the cursed +1 leather armour of Death Resistance (worn) {Harm rPois rCorr Stlth+}
   (You found it on level 4 of the Dungeon)

   It protects you from poison.
   It provides partial protection from all sources of acid and corrosion.
   It increases damage dealt and taken.
   It makes you more stealthy.
   It has a curse placed upon it.
 v - the +18 shield of the Gong {rElec rN+ MR+ EV-5}
   (You found it on level 4 of the Dungeon)

   It affects your evasion (-5).
   It insulates you from electricity.
   It protects you from negative energy.
   It affects your resistance to hostile enchantments.
Magical Staves
 t - an uncursed staff of summoning
Jewellery
 p - an uncursed amulet of guardian spirit
 r - a +4 ring of protection
Wands
 n - a wand of random effects (1)
Scrolls
 e - 4 scrolls of enchant armour {unknown}
 i - 3 scrolls of fog {unknown}
 k - 2 scrolls of amnesia {unknown}
 l - 7 scrolls of identify {unknown}
 m - 2 scrolls of enchant weapon {unknown}
 o - 4 scrolls of teleportation {unknown}
 q - a scroll of remove curse {unknown}
 u - a scroll of fear {unknown}
 y - a scroll of blinking {unknown}
 C - a scroll of holy word {unknown}
Potions
 a - 2 potions of brilliance {unknown}
 c - 3 potions of haste {unknown}
 s - 2 potions of might {unknown}
 w - 4 potions of curing
 z - a potion of flight {unknown}
 A - 2 potions of mutation {unknown}
 B - a potion of heal wounds
Comestibles
 d - 11 rations
 g - 4 chunks of flesh


   Skills:
 - Level 1.0 Fighting
 - Level 1.0 Armour
 - Level 2.4 Dodging
 + Level 4.6 Stealth
 + Level 2.5 Shields
 * Level 10.4 Spellcasting
 * Level 7.8 Conjurations
 - Level 1.1 Summonings
 - Level 1.1 Translocations
 - Level 3.0 Fire Magic
 - Level 3.0 Air Magic
 - Level 1.2 Poison Magic
 - Level 1.3 Evocations


You had 17 spell levels left.
You knew the following spells:

 Your Spells              Type           Power        Failure   Level  Hunger
a - Magic Dart            Conj           ####         1%          1    None
b - Mephitic Cloud        Conj/Pois/Air  #####...     4%          3    None
c - Call Imp              Summ           ###.....     7%          2    None
d - Blink                 Tloc           N/A          7%          2    None
e - Conjure Flame         Conj/Fire      #####...     2%          3    None

Your spell library contained the following spells:

 Spells                   Type           Power        Failure   Level  Hunger
 Freeze                   Ice            ##..         7%          1    None
 Beastly Appendage        Tmut           ##....       7%          1    None
 Slow                     Hex            ##......     11%         2    None
 Sticks to Snakes         Tmut           ##......     11%         2    None
 Spider Form              Tmut/Pois      ###.......   17%         3    None
 Ice Form                 Ice/Tmut       ##......     56%         4    None
 Blade Hands              Tmut           ##........   89%         5    ###....


Dungeon Overview and Level Annotations

Branches:
Dungeon (7/15)             Temple (1/1) D:5

Altars:
Cheibriados
Dithmenos
Elyvilon
Fedhas
Gozag
Hepliaklqana
Kikubaaqudgha
Makhleb
Nemelex Xobeh
Okawaru
Qazlal
Ru
Sif Muna
Trog
Uskayaw
Vehumet
Xom
Yredelemnul
Zin

Shops:
D:6 !


Message History

* * * LOW HITPOINT WARNING * * *
A shadow imp comes into view.
The gnoll hits you but does no damage.
Unknown command.
Casting: Magic Dart (safe; 1% risk of failure)
Confirm with . or Enter, or press ? or * to list all spells.
Aiming: Mephitic Cloud (dangerous; 4% risk of failure)
Press: ? - help, Shift-Dir - straight line, f/p - gnoll
Aim: a gnoll, wielding a +0 flail (almost dead)
The ball explodes into a vile cloud!
The stinking cloud engulfs the gnoll but does no damage.
The gnoll is almost dead.
The stinking cloud engulfs the gnoll but does no damage.
The stinking cloud engulfs you but does no damage.
The stinking cloud engulfs the gnoll but does no damage.
The gnoll is heavily wounded.
The shadow imp shouts, "Out, out, thou reeling-ripe spur-galled canker-blossom!"
The gnoll is engulfed in noxious fumes.
The gnoll appears confused.
The gnoll hits you with a +0 flail!
You die...

........ .. .......
. .....###.#..
).......#.. .
....#s..# ..
###......)#
...#.#☼gg.##.#
.......g# ##.####
.......@# #)....##..
........###.<.......
..../....##.###.....
............# ...
.5.....##...# .
....... ##.....
....##. ....#...
..#. .. ###.## .."
.## .. ... ..


You could see a scorpion, 3 gnolls and a shadow imp.

Vanquished Creatures
  A two-headed ogre (D:6)
  The ghost of Morgon the Cleaver, a novice FoAK of Lugonu (D:6)
  Sigmund (D:3)
  A phantom (D:4)
  4 ogres
  A centaur (D:5)
  Blork the orc (D:6)
  A wyvern zombie (D:6)
  2 scorpions
  4 killer bees (D:7)
  2 howler monkeys (D:5)
  A crimson imp (D:5)
  3 orc priests
  2 centaur skeletons
  A bullfrog skeleton (D:4)
  A jelly (D:5)
  4 orc wizards
  2 iguanas (D:4)
  2 worker ants (D:5)
  8 adders
  3 oozes
  3 adder skeletons
  2 worms
  8 leopard geckos
  20 orcs
  A ball python (D:4)
  6 bats
  4 giant cockroaches
  5 goblins
  8 hobgoblins
  6 jackals
  A quokka (D:6)
  3 frilled lizards
  7 kobolds
  5 rats
125 creatures vanquished.

Vanquished Creatures (collateral kills)
  An ogre (D:4)
1 creature vanquished.

Grand Total: 126 creatures vanquished

Notes
Turn   | Place    | Note
-------+----------+-------------------------------------------
     0 | D:1      | pokeman the Deep Elf Wizard began the quest for the Orb.
     0 | D:1      | Reached XP level 1. HP: 10/10 MP: 7/7
   394 | D:1      | Reached XP level 2. HP: 15/15 MP: 7/9
  1118 | D:2      | Found a bloodstained altar of Trog.
  1131 | D:2      | Reached skill level 5 in Spellcasting
  1203 | D:2      | Reached XP level 3. HP: 20/20 MP: 6/11
  1212 | D:2      | Learned a level 3 spell: Mephitic Cloud
  1215 | D:2      | Learned a level 2 spell: Call Imp
  1218 | D:2      | Learned a level 2 spell: Blink
  1222 | D:2      | Learned a level 3 spell: Conjure Flame
  1475 | D:2      | Reached skill level 1 in Fighting
  1475 | D:2      | Reached skill level 1 in Armour
  1803 | D:2      | Reached XP level 4. HP: 25/25 MP: 10/13
  2705 | D:3      | Reached skill level 1 in Fire Magic
  2707 | D:3      | Noticed Sigmund
  2990 | D:3      | Reached XP level 5. HP: 29/29 MP: 11/15
  3065 | D:3      | Killed Sigmund
  3065 | D:3      | Reached skill level 6 in Spellcasting
  3065 | D:3      | Reached skill level 1 in Air Magic
  3065 | D:3      | Reached XP level 6. HP: 28/34 MP: 6/17
  3541 | D:2      | Found an iron altar of Okawaru.
  3684 | D:4      | Reached skill level 7 in Spellcasting
  3840 | D:4      | Reached XP level 7. HP: 31/38 MP: 1/19
  4180 | D:4      | Found the +18 shield of the Gong {rElec rN+ MR+ EV-5}
  4302 | D:4      | Reached skill level 5 in Conjurations
  4396 | D:4      | Got a jewelled leather armour
  4424 | D:4      | Identified the cursed +1 leather armour of Death Resistance
                  | {Harm rPois rCorr Stlth+} (You found it on level 4 of the
                  | Dungeon)
  4469 | D:5      | Entered Level 5 of the Dungeon
  4805 | D:5      | Reached skill level 8 in Spellcasting
  4915 | D:5      | Reached skill level 1 in Poison Magic
  5085 | D:5      | Found a staircase to the Ecumenical Temple.
  5094 | Temple   | Entered the Ecumenical Temple
  5096 | Temple   | Reached XP level 8. HP: 43/43 MP: 17/22
  5282 | Temple   | Became a worshipper of Vehumet
  5309 | D:5      | HP: 2/43 [ogre/+0 giant spiked club (27)]
  5844 | D:6      | Noticed Blork the orc
  5850 | D:6      | Killed Blork the orc
  5850 | D:6      | Reached skill level 1 in Evocations
  5993 | D:6      | Found a transporter.
  5996 | D:6      | Noticed Morgon's ghost (novice FoAK)
  5997 | D:6      | Noticed a two-headed ogre
  6009 | D:6      | Reached skill level 1 in Shields
  6031 | D:6      | Found a transporter.
  6217 | D:6      | Reached skill level 9 in Spellcasting
  6233 | D:6      | Found Quer's Distillery.
  6239 | D:6      | Bought a potion of degeneration for 13 gold pieces
  6239 | D:6      | Bought a potion of curing for 39 gold pieces
  6239 | D:6      | Bought a potion of heal wounds for 65 gold pieces
  6281 | D:6      | Reached * piety under Vehumet
  6281 | D:6      | Offered knowledge of Freeze by Vehumet.
  6909 | D:6      | Killed Morgon's ghost
  7048 | D:6      | Killed a two-headed ogre
  7048 | D:6      | Reached skill level 10 in Spellcasting
  7048 | D:6      | Reached XP level 9. HP: 47/47 MP: 8/25
  7244 | D:7      | Slain by a gnoll

Illustrated notes

Levels and vault maps discovered:
D:1:      ebering_hopf_link, layout_basic, serial_forest,
          infiniplex_forest_clump_tiny, infiniplex_forest_lined_2,
          infiniplex_forest_diagonal, infiniplex_forest_corner_1,
          infiniplex_forest_clump_diagonal, infiniplex_forest_end_2
D:2:      layout_rooms, nicolae_overflow_hidden_temple, first_ration,
          dk_noncrumbling_3
D:3:      layout_basic, uniq_sigmund
D:4:      layout_rooms
D:5:      layout_basic, minmay_temple_entry_mini_moons, supply_closet_lemuel
D:6:      layout_basic, serial_shops, shop, gammafunk_ghost_smash,
          uniq_blork_the_orc
D:7:      layout_cave_pools, grunt_livestock, grunt_potential
Temple:   hc_temple_tempest_star

Skill      XL: |  1  2  3  4  5  6  7  8 |
---------------+-------------------------+-----
Spellcasting   | 5 6 7 8 10 | 10.4
Fighting       | 1 |  1.0
Armour         | 1 |  1.0
Conjurations   | 2 3 4 5 7 |  7.8
Fire Magic     | 1 2 3 |  3.0
Air Magic      | 1 2 3 |  3.0
Poison Magic   | 1 |  1.2
Evocations     | 1 |  1.3
Shields        | 2 |  2.5
Stealth        | 4 |  4.6
Dodging        | |  2.4
Summonings     | |  1.1
Translocations | |  1.1

Action                   |  1- 3 |  4- 6 |  7- 9 || total
-------------------------+-------+-------+-------++-------
Melee: Unarmed           |     9 |       |       ||     9
       Long sword        |    15 |    13 |       ||    28
       Trident           |       |     5 |    87 ||    92
 Cast: Magic Dart        |    79 |    97 |   137 ||   313
       Mephitic Cloud    |     1 |     5 |    17 ||    23
       Call Imp          |       |     2 |     5 ||     7
       Conjure Flame     |       |     2 |     7 ||     9
       Blink             |       |       |     2 ||     2
Evoke: Wand              |       |       |    15 ||    15
 Stab: Confused          |     1 |     1 |     5 ||     7
       Sleeping          |       |       |     1 ||     1
  Eat: Chunk             |     2 |     7 |    10 ||    19
Armor: Robe              |     5 |     1 |       ||     6
       Leather armour    |       |     5 |    24 ||    29
Dodge: Dodged            |    27 |    19 |    52 ||    98
       Rpst.: Long sword |     2 |     4 |       ||     6
